 Dungeon Crawl Stone Soup version 0.30-a0-852-g08b95dd62f (webtiles) character file.

Game seed: 9080756976442701071

268 ProzacElf the Basher (level 6, -7/51 HPs)
             Began as a Meteoran Cinder Acolyte on Mar 4, 2023.
             Was a High Priest of Ignis.
             Mangled by Duvessa
             ... wielding a +5 rapier of venom
              (15 damage)
             ... on level 4 of the Dungeon.
             The game lasted 00:07:12 (1134 turns).

ProzacElf the Basher (Meteoran Cinder Acolyte)      Turns: 1134, Time: 00:07:13

Health: -7/51      AC:  4    Str: 15    XL:     6   Next: 75%
Magic:  0/10       EV: 11    Int: 19    God:    Ignis [*****.]
Gold:   101        SH:  0    Dex:  9    Spells: 7/9 levels left

rFire   + . .      SeeInvis .    b - +2 dagger (drain)
rCold   . . .      Faith    .    (no shield)
rNeg    . . .      Spirit   +    k - +0 robe
rPois   .          Reflect  .    n - +1 helmet
rElec   .          Rampage  .    (no cloak)
rCorr   .                        (no gloves)
Will    .....                    (no boots)
Stlth   +                        e - amulet of guardian spirit
HPRegen 0.28/turn                (no ring)
MPRegen 0.12/turn                (no ring)

@: brilliant, lethally poisoned (-7 -> -31), attractive, glowing
A: sense surroundings 1, otherworldly, glowing, explore regen
a: Renounce Religion, Fiery Armour, Foxfire Swarm, Rising Flame


You were on level 4 of the Dungeon.
You worshipped Ignis.
Ignis was extremely pleased with you.
You visited 1 branch of the dungeon, and saw 4 of its levels.
You also visited: Sewer.

You collected 101 gold pieces.

Inventory:

Hand Weapons
 a - a -1 mace of flaming
 b - a +2 dagger of draining (weapon)
 d - a +0 sling
 j - a +0 hand axe
Missiles
 o - 5 boomerangs (quivered)
Armour
 c - a +0 ring mail
 k - a +0 robe (worn)
 n - a +1 helmet (worn)
Jewellery
 e - an amulet of guardian spirit (around neck)
Wands
 q - a wand of quicksilver (7)
Scrolls
 f - 4 scrolls of identify {unknown}
 i - a scroll of teleportation {unknown}
 p - a scroll of vulnerability {unknown}
Potions
 h - 2 potions of attraction
 l - a potion of flight {unknown}
 m - a potion of curing {unknown}


   Skills:
 - Level 3.5 Fighting
 - Level 8.0 Maces & Flails
 + Level 1.4 Dodging
 - Level 2.0 Spellcasting
 + Level 4.3 Fire Magic


You had 7 spell levels left.
You knew the following spells:

 Your Spells              Type           Power      Damage    Failure   Level
a - Scorch                Fire           54%        2d7       4%          2

Your spell library contained the following spells:

 Spells                   Type           Power      Damage    Failure   Level


Dungeon Overview and Level Annotations

Branches:
Dungeon (4/15) Zot: 1312    Sewer (visited)
 Temple: D:4-7

Altars:

Annotations:
D:3 3 runed translucent doors, Darkkill's ghost, amateur MiHu; cforsyth's ghost, amateur DESu
D:4 Duvessa


Innate Abilities, Weirdness & Mutations

You passively map a small area around you.
You are easily found by Zot.
You glow in the dark.
You regain HP and MP as you explore.


Message History

Found 17 gold pieces.
Found a stone staircase leadin' down.
Thar be a stone staircase leadin' up 'ere.
Castin': Scorch (safe; 4% risk o' failure) Confirm wit' . or Enter, or press ? or * ta list all spells.
Flames lash Dowan.
Dowan be heavily wounded.
Dowan's fire resistance burns away.
A quokka comes inta view.
Ye now haf 8/10 mp.
Castin': Scorch (safe; 4% risk o' failure) Confirm wit' . or Enter, or press ? or * ta list all spells.
Flames lash Dowan.
Dowan be burn'd terribly!
Ye kill Dowan!
Duvessa screams in rage.
Duvessa goes berserk!
Yer Dodgin' skill increases ta level 1!
Ye now haf 6/10 mp.
Castin': Scorch (safe; 4% risk o' failure) Confirm wit' . or Enter, or press ? or * ta list all spells.
Flames lash Duvessa.
Duvessa be lightly wounded.
Duvessa's fire resistance burns away.
Duvessa hits ye wit' a +5 rapier o' venom!
Ye be poison'd.
Duvessa hits ye wit' a +5 rapier o' venom!
Ye be leth'lly poison'd!
Ye take 26 damage, an' haf 25/51 hp.
MASSIVE DAMAGE!!
Ye now haf 2/10 mp.
It was a potion o' attraction.
Ye feel attractive ta monsters.
* * * LOW HITPOINT WARNIN'
* * * Ye feel 'stremely sick.
Duvessa barely misses ye.
Ye take 10 damage, an' haf 15/51 hp.
It was a potion o' brilliance.
Ye feel cle'er all o' a sudd'n.
* * * LOW HITPOINT WARNIN'
* * * Ye feel 'stremely sick.
Duvessa closely misses ye.
Duvessa hits ye wit' a +5 rapier o' venom!
Ye die...

* * ***## ,
####...#. * *
**#@e...... ,
*#....r..#>..
#....####, *
, #.....
##....,
*...#.# *
#$.. .. , *
..#. .. *


You could see Duvessa (berserk, combustible) and a quokka.

Vanquished Creatures
  Pargi (Sewer)
  Dowan (D:4)
  6 adders
  2 river rats (D:3)
  A worm (D:3)
  2 dart slugs
  4 orcs (D:3)
  2 endoplasms
  2 giant cockroaches
  3 goblins
  3 hobgoblins
  2 kobolds (D:2)
  A quokka (D:3)
  4 ball pythons
  8 bats
  3 frilled lizards
  8 rats
53 creatures vanquished.

Vanquished Creatures (others)
  A withered plant (D:3)
1 creature vanquished.

Grand Total: 54 creatures vanquished

Notes
Turn   | Place    | Note
-------+----------+-------------------------------------------
     0 | D:1      | ProzacElf the Meteoran Cinder Acolyte began the quest for
                  | the Orb.
     0 | D:1      | Reached XP level 1. HP: 19/19 MP: 3/3
    50 | D:1      | Reached XP level 2. HP: 24/26 MP: 5/5
    54 | D:1      | Learned a level 2 spell: Scorch
   220 | D:2      | Reached XP level 3. HP: 12/31 MP: 4/7
   374 | D:2      | Reached skill level 5 in Maces & Flails
   547 | D:2      | Reached XP level 4. HP: 36/38 MP: 6/8
   604 | D:3      | Found a faded altar of an unknown god.
   667 | D:3      | Reached skill level 6 in Maces & Flails
   710 | D:3      | Reached XP level 5. HP: 40/45 MP: 7/9
   890 | D:3      | Found a glowing drain.
   898 | Sewer    | Entered a sewer
   931 | Sewer    | Noticed Pargi
   940 | Sewer    | Killed Pargi
   941 | Sewer    | Reached skill level 8 in Maces & Flails
   941 | Sewer    | Reached XP level 6. HP: 51/51 MP: 8/10
  1102 | D:3      | Found a runed translucent gate.
  1102 | D:3      | Found a runed translucent gate.
  1102 | D:3      | Found a runed translucent gate.
  1103 | D:3      | Noticed cforsyth's ghost (amateur DESu)
  1103 | D:3      | Noticed Darkkill's ghost (amateur MiHu)
  1129 | D:4      | Noticed Duvessa
  1129 | D:4      | Noticed Dowan
  1131 | D:4      | Killed Dowan
  1132 | D:4      | Reached skill level 1 in Dodging
  1134 | D:4      | Mangled by Duvessa

Illustrated notes

Levels and vault maps discovered:
D:1:      lightli_arrival_flooded_house, layout_basic
D:2:      layout_loops_ring, serial_forest, infiniplex_forest_end_3,
          infiniplex_forest_lined_3_way, infiniplex_forest_side_room,
          infiniplex_forest_diagonal, infiniplex_forest_lined_2,
          infiniplex_forest_straight_4, minmay_tiny_reverse_x
D:3:      layout_basic, lemuel_tele_altar, lightli_sewer_entry_pipes,
          chequers_ecumenical_altar_island, gammafunk_ghost_cemetery,
          uniq_crazy_yiuf_cottage
D:4:      layout_cave_pools, uniq_ijyb, uniq_sigmund, uniq_duvessa

Skill      XL: |  1  2  3  4  5  6 |
---------------+-------------------+-----
Spellcasting   | 2 |  2.0
Fire Magic     | 4 |  4.3
Maces & Flails | 5 6 8 |  8.0
Dodging        | 1 |  1.4
Fighting       | |  3.5

Action                     |  1- 3 |  4- 6 || total
---------------------------+-------+-------++-------
  Melee: Mace              |    56 |       ||    56
         Punch             |     2 |       ||     2
         Dagger            |     4 |   139 ||   143
   Cast: Scorch            |       |     6 ||     6
    Use: Potion            |       |     3 ||     3
 Armour: Robe              |    12 |    45 ||    57
  Dodge: Dodged            |    32 |    77 ||   109

Table legend: (Time is in decaauts)
 A = Elapsed time spent in this place.
 B = Non-inter-level travel time spent in this place.
 C = Inter-level travel time spent in this place.
 D = Time resting spent in this place.
 E = Time spent auto-exploring this place.
 F = Levels seen in this place.
 G = Mean time per level.
                   A        B        C        D        E       F      G
               +--------+--------+--------+--------+--------+-----+--------+
         Total |   1182 |   1168 |     14 |    194 |    160 |   5 |  236.4 |
       Dungeon |   1086 |   1072 |     14 |    194 |    146 |   4 |  271.5 |
         Sewer |     96 |     96 |      0 |      0 |     14 |   1 |   96.0 |
               +--------+--------+--------+--------+--------+-----+--------+

Top non-repeatable levels by time:
     D:3: 459 daAuts
     D:2: 379 daAuts
     D:1: 242 daAuts
   Sewer: 96 daAuts
     D:4: 4 daAuts
